 Dungeon Crawl Stone Soup version 0.23-a0-481-g60b89c1 (webtiles) character file.

156 tatocazan the Covered (level 5, -3/33 HPs)
             Began as a Gargoyle Fighter on Nov 29, 2018.
             Killed from afar by an orc wizard (8 damage)
             ... with a magic dart
             ... on level 3 of the Dungeon.
             The game lasted 00:02:57 (2803 turns).

tatocazan the Covered (Gargoyle Fighter)            Turns: 2803, Time: 00:02:57

Health: -3/33      AC: 11    Str: 20    XL:     5   Next: 38%
Magic:  5/5        EV:  7    Int:  8    God:
Gold:   176        SH:  9    Dex: 10    Spells: 4/4 levels left

rFire    . . .     SeeInvis .   a - +0 flail
rCold    . . .     Gourm    .   c - +0 shield
rNeg     + . .     Faith    .   b - +0 scale mail
rPois    ∞         Spirit   .   (no helmet)
rElec    +         Reflect  .   (no cloak)
rCorr    .         Harm     .   (no gloves)
MR       .....                  (no boots)
Stlth    ..........             j - amulet of inaccuracy (curse)
HPRegen  0.11/turn              g - ring of attention (curse)
MPRegen  0.09/turn              (no ring)

@: no status effects
A: negative energy resistance 1, electricity resistance, unbreathing,
petrification resistance, rot immunity, AC +4
a: no special abilities


You were on level 3 of the Dungeon.
You were not hungry.

You visited 1 branch of the dungeon, and saw 3 of its levels.

You collected 176 gold pieces.

Inventory:

Hand Weapons
 a - a +0 flail (weapon)
Armour
 b - a +0 scale mail (worn)
 c - a +0 shield (worn)
Jewellery
 g - a cursed ring of attention (left hand)
 j - a cursed amulet of inaccuracy (around neck)
Scrolls
 k - a scroll of magic mapping
Potions
 d - a potion of might
 e - a potion of heal wounds {unknown}
 h - a potion of ambrosia
 i - a potion of invisibility {unknown}
 m - a potion of flight {unknown}
Comestibles
 f - 5 rations
 l - 3 chunks of flesh


   Skills:
 + Level 4.1 Fighting
 * Level 3.7 Maces & Flails
 + Level 4.1 Armour
 + Level 4.1 Shields


You had 4 spell levels left.
You didn't know any spells.
Your spell library was empty.

Dungeon Overview and Level Annotations

Branches:
Dungeon (3/15)

Altars:
Ashenzari


Innate Abilities, Weirdness & Mutations

You are resistant to torment.
Your stone body is resilient. (AC +4)
You are immune to poison.
You resist negative energy. (rN+)
You are resistant to electric shocks. (rElec)
You can survive without breathing.
You are immune to petrification.
You are immune to rotting.


Message History

* * * LOW HITPOINT WARNING * * *
You take 3 damage, and have 4/33 hp.
You barely miss something.
You hear some strange, mumbled words.
You are confused.
You miss something. Something hits you but does no damage.
You completely miss something.
You hear some strange, mumbled words.
You are more confused.
You bump into the rock wall.
Something hits you but does no damage.
You closely miss something.
Something hits you but does no damage. x2
You're too confused to move!
Something hits you but does no damage.
You hear some strange, mumbled words.
Something tries to affect you, but you resist.
Something hits you but does no damage. Something hits you but does no damage.
You feel less confused.
A magic dart appears from out of thin air!
The magic dart hits you!
You die...

## .# .# .# #######
######## #..@..# #.÷...#
#.....# #.###.# #.....#
#.#<#.# #.....# #.#)#.#
#.)...# #.#.#.# #()...#
#####
##..(#.#######?)...#......
....)(...................?
######.#######.....#......


There were no monsters in sight!

Vanquished Creatures
  An orc wizard (D:3)
  3 adders
  3 worms (D:2)
  2 dart slugs (D:1)
  4 leopard geckos
  13 orcs (D:3)
  3 bats
  4 giant cockroaches (D:2)
  6 goblins
  6 hobgoblins
  2 jackals (D:2)
  5 kobolds
  2 quokkas
  A ball python (D:2)
  3 frilled lizards
  10 rats
68 creatures vanquished.

Notes
Turn   | Place    | Note
-------+----------+-------------------------------------------
     0 | D:1      | tatocazan the Gargoyle Fighter began the quest for the Orb.
     0 | D:1      | Reached XP level 1. HP: 14/14 MP: 1/1
   104 | D:1      | Reached XP level 2. HP: 19/19 MP: 2/2
   664 | D:2      | Found a shattered altar of Ashenzari.
   674 | D:2      | Reached XP level 3. HP: 18/23 MP: 3/3
  1492 | D:2      | Reached XP level 4. HP: 29/29 MP: 4/4
  2117 | D:3      | Reached XP level 5. HP: 23/33 MP: 5/5
  2803 | D:3      | Killed from afar by an orc wizard

Vault maps used:
D:1:      minmay_arrival_up_and_down
D:2:      ashenzari_conservatory_becter, st_stairs_7, dk_noncrumbling_2
D:3:      first_ration

Skill      XL: |  1  2  3  4 |
---------------+-------------+-----
Maces & Flails | 3 |  3.7
Fighting       | 4 |  4.1
Armour         | 4 |  4.1
Shields        | 4 |  4.1

Action                   |  1- 3 |  4- 6 || total
-------------------------+-------+-------++-------
Melee: Flail             |   178 |   297 ||   475
  Use: Scroll            |       |     4 ||     4
  Eat: Chunk             |     2 |     5 ||     7
Armor: Scale mail        |   132 |   221 ||   353
Dodge: Dodged            |    65 |   104 ||   169
Block: Shield            |   121 |   207 ||   328

Table legend:
 A = Non-vault XP
 B = Vault XP
 C = Vault XP percentage of total XP
 D = Non-vault monster count
 E = Vault monster count
 F = Vault count percentage of total count
                 A         B        C        D         E       F
            +---------+---------+-------+---------+---------+-------
      Total |     223 |       1 |   0.4 |      67 |       1 |   1.5
            +---------+---------+-------+---------+---------+-------
        D:1 |      29 |       0 |   0.0 |      13 |       0 |   0.0
        D:2 |      83 |       1 |   1.2 |      31 |       1 |   3.1
        D:3 |     111 |       0 |   0.0 |      23 |       0 |   0.0
            +---------+---------+-------+---------+---------+-------
